Unix NetHack Version 3.7.0-94 Work-in-progress - last build Dec 18 2023 00:11:04 (7e3deff068b9ef4f2ebb9a71ea0f5c4a3b578a14,branch:master). Game began 2023-12-20 10:40:32, ended 2023-12-20 10:53:42. elenmirie, neutral female gnomish Healer | - |. |.|. |.#.-- |..---.. |..----...|.... |.@..|.......... |.--............ |0 ---...f.|.... --....|.--- ..--|.| |.--- ---...| |.....| |....-- . -....-- -. ......| .. .|.|<.- ------ Elenmirie the Rhizotomist St:8 Dx:12 Co:12 In:12 Wi:16 Ch:16 Neutral Dlvl:6 $:1719 HP:0(13) Pw:5(5) AC:7 Xp:1/1 T:1592 Burdened Latest messages: Coco bites the iguana. The iguana misses Coco. Coco misses the iguana. Coco bites the iguana. The iguana is killed! Coco eats an iguana corpse. The little dog picks up a rusty iron skull cap. The little dog drops a rusty iron skull cap. Coco bites the little dog. The little dog misses Coco. The little dog picks up a rusty iron skull cap. The little dog drops a rusty iron skull cap. The little dog bites the little dog. The little dog picks up a rusty iron skull cap. The little dog drops a rusty iron skull cap. You swap places with your little dog. The little dog drops a rusty iron skull cap. The little dog bites the gnome. The gnome misses the little dog. The little dog bites the gnome lord. The little dog bites the gnome lord. The gnome lord misses the little dog. The little dog misses the gnome lord. The little dog misses the gnome lord. The little dog bites the gnome lord. The gnome lord misses the little dog. You hear some noises in the distance. Coco misses the gnome lord. Coco bites the gnome lord. The gnome lord misses Coco. Coco bites the gnome lord. The gnome lord is killed! You are in full health. You feel tough! You must have been leading a healthy life-style. You fall down the stairs. You hear a door open. Zugris of Aoth-ogul hits! Zugris of Aoth-ogul hits! Coco bites Zugris of Aoth-ogul. Zugris of Aoth-ogul is killed! Coco eats a hill orc corpse. You hear a nearby zap. The wand hits you! You die... Do you want your possessions identified? [ynq] (y) y Do you want to see your attributes? [ynq] (y) y Do you want an account of creatures vanquished? [ynaq] (y) y Do you want to see your conduct and achievements? [ynq] (y) y Do you want to see the dungeon overview? [ynq] (y) y Inventory: Coins $ - 1719 gold pieces Weapons t - an uncursed +0 dagger a - an uncursed +0 scalpel (weapon in right hand) Armor b - an uncursed +1 pair of leather gloves (being worn) m - an uncursed +0 pair of water walking boots (being worn) w - an uncursed +0 dwarvish cloak (being worn) x - an uncursed +0 dwarvish mithril-coat s - an uncursed +0 elven mithril-coat Comestibles j - 7 uncursed apples l - 2 uncursed food rations Potions r - 4 uncursed potions of extra healing d - 3 uncursed potions of healing Wands u - an uncursed wand of digging (0:7) f - an uncursed wand of sleep (0:8) Tools v - an uncursed magic flute (0:5) o - an uncursed blindfold A - a blessed magic lamp (lit) e - an uncursed skeleton key c - an uncursed stethoscope Elenmirie the Healer's attributes: Background: You were a Rhizotomist, a level 1 female gnomish Healer. You were neutral, nominally on a mission for Hermes who was opposed by Athena (lawful) and Poseidon (chaotic). You were right-handed. You were in the Gnomish Mines, on level 6. You entered the dungeon 1592 turns ago. You had 1 experience point, 19 more were needed to attain level 2. Basics: You had 0 out of 13 hit points. You had all 5 energy points (spell power). Your armor class was 7. Your wallet contained 1719 zorkmids. Autopickup was on for '$' plus thrown. Final Characteristics: Your strength was 8 (limit:18/50). Your dexterity was 12 (limit:18). Your constitution was 12 (limit:18). Your intelligence was 12 (limit:19). Your wisdom was 16 (limit:18). Your charisma was 16 (limit:18). Final Status: You weren't hungry. You were burdened; movement was slightly slowed. You were wielding a knife. You had basic skill with knife. Final Attributes: You were fervently aligned. Your items were somewhat protected from fire. Your items were somewhat protected from cold. You were poison resistant. You had infravision. You could walk on water. You were warded. You are dead. Miscellaneous: You never encountered a bones level. Total elapsed playing time was 13 minutes and 10 seconds. Major events: Turn 1: elenmirie the neutral female gnomish Healer entered the dungeon 936: entered the Gnomish Mines 1564: reached Mine Town 1592: killed by a wand Vanquished creatures: a shrieker a gnome leader a little dog 5 dwarves a hill orc an iguana a hobbit 2 giant rats a green mold 3 gnomes a gecko 7 jackals a fox a kobold 4 goblins 4 grid bugs 3 bats a lichen 2 kobold zombies 5 newts 46 creatures vanquished. No species were genocided or became extinct. Voluntary challenges: You followed a strict vegan diet. You were an atheist. You were illiterate. You never engraved Elbereth. You never genocided any monsters. You never polymorphed an object. You never changed form. You used no wishes. Achievements: You entered a shop. You entered the Gnomish Mines. You entered Minetown. The Dungeons of Doom: levels 1 to 2 Level 1: Some altars, a fountain. Level 2: A general store, a fountain, a sink. Stairs down to The Gnomish Mines. The Gnomish Mines: levels 3 to 6 Level 3: Level 4: Level 5: Level 6: <- You were here. Final resting place for you, killed by a wand. Game over: ---------- / \ / REST \ / IN \ / PEACE \ / \ | elenmirie | | 1719 Au | | killed by a wand | | | | | | | | 2023 | *| * * * | * _________)/\\_//(\/(/\)/\//\/|_)_______ Goodbye elenmirie the Healer... You died in The Gnomish Mines on dungeon level 6 with 447 points, and 1719 pieces of gold, after 1592 moves. You were level 1 with a maximum of 13 hit points when you died.